 Dungeon Crawl Stone Soup version 0.23-a0-373-g305c090 (webtiles) character file.

3520 Garbasso the Cleaver (level 10, 0/53 HPs)
             Began as a Vine Stalker Fighter on Oct 25, 2018.
             Was a Priest of Okawaru.
             Slain by an orc warrior
             ... wielding a +0 halberd
              (13 damage)
             ... on level 9 of the Dungeon.
             The game lasted 00:19:50 (7728 turns).

Garbasso the Cleaver (Vine Stalker Fighter)         Turns: 7728, Time: 00:19:50

Health: 0/53       AC: 13    Str: 21    XL:     10   Next: 8%
Magic:  0/11       EV:  6    Int:  8    God:    Okawaru [***...]
Gold:   382        SH: 13    Dex: 15    Spells: 9/9 levels left

rFire    . . .     SeeInvis .   a - +0 war axe
rCold    . . .     Gourm    .   r - +2 shield
rNeg     . . .     Faith    .   v - +0 chain mail
rPois    .         Spirit   +   (no helmet)
rElec    .         Reflect  .   i - +2 cloak
rCorr    .         Harm     .   (no gloves)
MR       +....                  (no boots)
Stlth    ..........             (no amulet)
HPRegen  0.57/turn              (no ring)
MPRegen  0.12/turn              (no ring)

@: about to teleport
A: fangs 3, regeneration 1, magic shield, antimagic bite, no potion heal 3, rot
immunity
a: Heroism, Renounce Religion


You were on level 9 of the Dungeon.
You worshipped Okawaru.
Okawaru was most pleased with you.
You were not hungry.

You visited 2 branches of the dungeon, and saw 10 of its levels.
You also visited: Sewer.

You collected 382 gold pieces.

Inventory:

Hand Weapons
 a - a +0 war axe (weapon)
 b - a +0 blowgun
 h - a +1 dagger of electrocution
Missiles
 A - 13 poisoned needles
Armour
 i - a +2 cloak (worn)
 j - a scarf of cloud immunity
 r - a +2 shield (worn)
 v - a +0 chain mail (worn)
Wands
 x - a wand of paralysis (14)
 z - a wand of polymorph (13)
Scrolls
 e - 3 scrolls of blinking
 l - 4 scrolls of amnesia
 m - 3 scrolls of teleportation
 p - a scroll of fog
 s - a scroll of identify
 t - 2 scrolls of immolation
 y - 6 scrolls of remove curse
Potions
 c - 2 potions of resistance
 d - 2 potions of might
 g - a potion of lignification {unknown}
 k - 2 potions of cancellation
 n - 2 potions of haste
 o - 2 potions of agility
 q - a potion of degeneration {unknown}
 u - 2 potions of curing {unknown}
 w - a potion of mutation {unknown}
Comestibles
 f - 12 rations
 B - 2 chunks of flesh


   Skills:
 + Level 6.4 Fighting
 * Level 8.4 Axes
 + Level 5.8 Armour
 + Level 6.3 Shields


You had 9 spell levels left.
You didn't know any spells.
Your spell library contained the following spells:

 Spells                   Type           Power        Failure   Level  Hunger
 Animate Skeleton         Necr           N/A          100%        1    ##.....
 Pain                     Necr           #...         100%        1    ##.....
 Regeneration             Chrm/Necr      #.........   100%        3    ####...
 Vampiric Draining        Necr           #.........   100%        3    ####...
 Animate Dead             Necr           N/A          100%        4    #####..


Dungeon Overview and Level Annotations

Branches:
Dungeon (9/15)             Temple (1/1) D:4
   Lair: D:8-11         Orc: D:9-12

Altars:
Ashenzari
Cheibriados
Dithmenos
Elyvilon
Fedhas
Gozag
Hepliaklqana
Kikubaaqudgha
Makhleb
Nemelex Xobeh
Okawaru
Qazlal
Ru
Sif Muna
Trog
Uskayaw
Vehumet
Wu Jian
Xom
Yredelemnul
Zin
The Shining One

Shops:
D:7 :

Annotations:
D:4 1 runed door, Dissent's ghost, amateur GnWz


Innate Abilities, Weirdness & Mutations

You have razor-sharp teeth.
Your natural rate of healing is unusually fast.
When hurt, damage is shared between your health and your magic reserves.
Your bite disrupts and absorbs the magic of your enemies.
Potions cannot restore your health.
You are immune to rotting.


Message History

You block the troll's attack. You block the orc warrior's attack.
You hit the orc priest. You bite the orc priest. You drain its power.
You feel invigorated.
The orc priest is heavily wounded.
You hit the troll.
The orc priest looks braver for a moment.
The troll barely misses you. You block the troll's attack. x2
An orc comes into view.
The orc warrior barely misses you.
You completely miss the orc priest.
The orc priest is heavily wounded.
You barely miss the troll.
The orc priest invokes the aid of Beogh against you.
Beogh smites you!
* * * LOW HITPOINT WARNING * * *
The troll barely misses you. The troll claws you.
* * * LOW HITPOINT WARNING * * *
The troll claws you but does no damage.
The orc warrior hits you from afar with a +0 halberd!
You die...

......#.......#
......#)###.#.#
#...#(.((...#.#####
#......<##...<.oT.#
####
#######)##.##.###.#
#..T #....##.#
#.####.##
####.o.....#
#.o.oT.#
#.....T....#
########
#.###@####.# #. #o#
#.# #. #.# #.# #.>
.. ..# #.# #.# ..
..# # . o..# ...# .
...## #


You could see a troll, an orc warrior, an orc priest and an orc.

Vanquished Creatures
  An ugly thing (D:6)
  Maurice (D:9)
  Grinder (D:3)
  Menkaure (D:4)
  3 sky beasts (D:5)
  A phantom (D:8)
  7 ogres
  3 centaurs
  2 bullfrogs (Sewer)
  A big kobold (D:8)
  A gnoll sergeant (D:7)
  2 scorpions
  3 wights (D:6)
  A centaur zombie (D:7)
  A crimson imp (D:6)
  A quasit (D:7)
  4 hounds
  2 orc priests
  An iguana (D:7)
  An orc wizard (D:4)
  7 worker ants
  A hound skeleton (D:5)
  A howler monkey skeleton (D:4)
  8 adders
  4 gnolls (D:7)
  2 shadow imps
  6 oozes (Sewer)
  3 adder skeletons
  4 worms
  2 dart slugs
  14 leopard geckos
  18 orcs
  15 ball pythons
  24 giant cockroaches
  11 hobgoblins
  10 jackals
  9 kobolds
  4 quokkas
  13 bats
  13 frilled lizards
  5 goblins
  A leopard gecko skeleton (D:4)
  9 rats
222 creatures vanquished.

Notes
Turn   | Place    | Note
-------+----------+-------------------------------------------
     0 | D:1      | Garbasso the Vine Stalker Fighter began the quest for the
                  | Orb.
     0 | D:1      | Reached XP level 1. HP: 11/11 MP: 2/2
    57 | D:1      | Reached skill level 2 in Axes
    62 | D:1      | Reached XP level 2. HP: 11/16 MP: 3/3
   626 | D:1      | Reached XP level 3. HP: 19/19 MP: 4/4
   953 | D:2      | Found a faded altar of an unknown god.
  1256 | D:2      | HP: 1/20 [worm (4)]
  1746 | D:2      | Gained mutation: Your natural rate of healing is unusually
                  | fast. [Vine Stalker growth]
  1746 | D:2      | Reached XP level 4. HP: 24/24 MP: 5/5
  1898 | D:3      | Noticed Grinder
  1907 | D:3      | Killed Grinder
  1907 | D:3      | Reached skill level 3 in Axes
  1907 | D:3      | Reached XP level 5. HP: 14/28 MP: 3/6
  1907 | D:3      | Reached XP level 6. HP: 16/32 MP: 3/7
  2733 | D:4      | Reached skill level 4 in Axes
  2833 | D:4      | Found a runed door.
  2833 | D:4      | Noticed Dissent's ghost (amateur GnWz)
  2904 | D:4      | Noticed Menkaure
  2920 | D:4      | Killed Menkaure
  2920 | D:4      | Reached XP level 7. HP: 12/37 MP: 5/8
  3067 | D:4      | Found a staircase to the Ecumenical Temple.
  3099 | Temple   | Entered the Ecumenical Temple
  3161 | Temple   | Became a worshipper of Warmaster Okawaru
  3262 | D:4      | Found a stormy altar of Qazlal.
  3742 | D:5      | Entered Level 5 of the Dungeon
  4003 | D:5      | Reached skill level 5 in Axes
  4282 | D:5      | Gained mutation: You have razor-sharp teeth. [Vine Stalker
                  | growth]
  4282 | D:5      | Reached XP level 8. HP: 38/42 MP: 9/9
  4355 | D:5      | Reached * piety under Okawaru
  4737 | D:6      | Noticed a purple ugly thing
  4747 | D:6      | Killed a purple ugly thing
  4747 | D:6      | Reached ** piety under Okawaru
  4747 | D:6      | Reached skill level 5 in Fighting
  4747 | D:6      | Reached skill level 6 in Axes
  4747 | D:6      | Reached skill level 5 in Shields
  4927 | D:6      | Reached XP level 9. HP: 35/47 MP: 10/10
  5224 | D:6      | Found a glowing drain.
  5246 | Sewer    | Entered a sewer
  5613 | Sewer    | Reached skill level 5 in Armour
  5674 | D:6      | Reached skill level 7 in Axes
  6149 | D:7      | Reached *** piety under Okawaru
  6299 | D:7      | Found Qoklopn's Book Emporium.
  7480 | D:9      | Noticed Maurice
  7490 | D:9      | Reached skill level 8 in Axes
  7493 | D:9      | Killed Maurice
  7493 | D:9      | Reached XP level 10. HP: 35/53 MP: 7/11
  7728 | D:9      | Slain by an orc warrior

Vault maps used:
D:1:      dpeg_arrival_arbitrary_b
D:2:      first_ration, chequers_ecumenical_altar_simple_redux
D:3:      minmay_liquid_box, small_statue_intersection, uniq_grinder
D:4:      nicolae_qazlal_eye_of_the_storm, minmay_temple_entry_overgrown,
          ebering_ghost_sewer_d, uniq_menkaure
D:5:      hangedman_abyss_or_decor_slice, kennysheep_decorative_pillar,
          kennysheep_pointless_box
D:6:      portal_sewer_entry_b
D:7:      serial_shops, shop_statue
D:9:      uniq_maurice, uniq_pikel
Temple:   dpeg_three_leaves_temple
Sewer:    sewer_frog_island_02

Skill      XL: |  1  2  3  4  5  6  7  8  9 |
---------------+----------------------------+-----
Axes           | 2 3 4 5 6 8 |  8.4
Fighting       | 3 4 5 6 |  6.4
Shields        | 3 4 5 6 |  6.3
Armour         | 3 4 5 |  5.8

Action                   |  1- 3 |  4- 6 |  7- 9 | 10-12 || total
-------------------------+-------+-------+-------+-------++-------
Melee: War axe           |    85 |   110 |   404 |    17 ||   616
       Bite              |    17 |    32 |   127 |     6 ||   182
       Dagger            |     6 |       |       |       ||     6
 Fire: Blowgun           |       |       |       |     1 ||     1
Invok: Heroism           |       |       |     3 |       ||     3
  Use: Scroll            |     1 |     1 |    14 |     1 ||    17
       Potion            |       |       |     1 |       ||     1
  Eat: Chunk             |     3 |     4 |    12 |       ||    19
       Ration            |       |       |     1 |       ||     1
Armor: Scale mail        |    33 |    47 |   151 |       ||   231
       Chain mail        |       |       |    16 |    12 ||    28
Dodge: Dodged            |    35 |    34 |   104 |     8 ||   181
Block: Shield            |    45 |    51 |   251 |    17 ||   364

Table legend:
 A = Non-vault XP
 B = Vault XP
 C = Vault XP percentage of total XP
 D = Non-vault monster count
 E = Vault monster count
 F = Vault count percentage of total count
                 A         B        C        D         E       F
            +---------+---------+-------+---------+---------+-------
      Total |    3785 |    1244 |  24.7 |     159 |      63 |  28.4
            +---------+---------+-------+---------+---------+-------
        D:1 |      38 |       0 |   0.0 |      22 |       0 |   0.0
        D:2 |      54 |       0 |   0.0 |      21 |       0 |   0.0
        D:3 |      37 |     281 |  88.4 |      19 |       1 |   5.0
        D:4 |     317 |     165 |  34.2 |      22 |       1 |   4.3
        D:5 |     615 |       0 |   0.0 |      17 |       0 |   0.0
        D:6 |     962 |      17 |   1.7 |      12 |       4 |  25.0
        D:7 |     887 |       0 |   0.0 |      27 |       0 |   0.0
        D:8 |     554 |       0 |   0.0 |      12 |       0 |   0.0
        D:9 |     321 |     433 |  57.4 |       7 |       1 |  12.5
      Sewer |       0 |     348 | 100.0 |       0 |      56 | 100.0
            +---------+---------+-------+---------+---------+-------
